 Dungeon Crawl Stone Soup version 0.27-a0-1200-g94dc6ad4cf (webtiles) character file.

Game seed: 5739448258893511966

1383 bilbop the Cudgeller (level 8, 0/70 HPs)
             Began as a Minotaur Fighter on June 1, 2021.
             Was an Initiate of Trog.
             Slain by a two-headed ogre
             ... wielding a +0 dire flail
              (22 damage)
             ... on level 6 of the Dungeon.
             The game lasted 00:24:07 (5030 turns).

bilbop the Cudgeller (Minotaur Fighter)             Turns: 5030, Time: 00:24:08

Health: 0/70       AC: 11    Str: 23    XL:     8   Next: 40%
Magic:  8/8        EV: 12    Int:  5    God:    Trog [......]
Gold:   243        SH: 15    Dex: 10    Spells: 7/7 levels left

rFire    . . .     SeeInvis .   a - +2 whip (freeze)
rCold    . . .     Faith    .   c - +0 kite shield
rNeg     . . .     Spirit   .   n - +0 scale mail
rPois    .         Reflect  +   (helmet restricted)
rElec    .         Harm     .   (no cloak)
rCorr    .         Rampage  .   (no gloves)
Will     .....                  (no boots)
Stlth    ..........             u - amulet of reflection
HPRegen  0.21/turn              q - +4 ring of protection
MPRegen  0.11/turn              r - +4 ring of evasion

@: no status effects
A: horns 2, retaliatory headbutt
a: Renounce Religion


You were on level 6 of the Dungeon.
You worshipped Trog.
Trog was noncommittal.
You visited 2 branches of the dungeon, and saw 7 of its levels.

You collected 277 gold pieces.
You spent 34 gold pieces at shops.

Inventory:

Hand Weapons
 a - a +2 whip of freezing (weapon)
 b - a +0 hunting sling
 f - a +0 flail of holy wrath
 B - a +1 whip of venom
Missiles
 t - 23 sling bullets
Armour
 c - a +0 kite shield (worn)
 n - a +0 scale mail (worn)
 v - the +4 scale mail of the Garden {Harm rElec rN+ Will-}
   (You found it on level 4 of the Dungeon)

   It insulates you from electricity.
   It protects you from negative energy.
   It increases damage dealt and taken.
   It decreases your willpower.
Jewellery
 q - a +4 ring of protection (left hand)
 r - a +4 ring of evasion (right hand)
 u - an amulet of reflection (around neck)
Wands
 m - a wand of flame (12)
 s - a wand of iceblast (11)
Scrolls
 e - 7 scrolls of teleportation
 i - a scroll of magic mapping
 j - a scroll of holy word
 w - a scroll of enchant weapon {unknown}
 x - a scroll of amnesia {unknown}
 y - a scroll of blinking {unknown}
Potions
 d - 2 potions of might
 g - 2 potions of ambrosia {unknown}
 h - a potion of resistance {unknown}
 k - 2 potions of curing {unknown}
 l - 2 potions of flight {unknown}


   Skills:
 + Level 6.2 Fighting
 * Level 7.6 Maces & Flails
 + Level 3.0 Slings
 + Level 6.2 Armour
 + Level 6.3 Shields
 + Level 2.2 Invocations


You had 7 spell levels left.
You didn't know any spells.
Your spell library contained the following spells:

 Spells                   Type           Power      Damage    Failure   Level
 Animate Skeleton         Necr           0%         N/A       98%         1
 Pain                     Necr           0%         1d4       98%         1
 Vampiric Draining        Necr           0%         2d6       100%        3
 Animate Dead             Necr           0%         N/A       100%        4
 Agony                    Necr           0%         N/A       100%        5


Dungeon Overview and Level Annotations

Branches:
Dungeon (6/15)             Temple (1/1) D:5

Altars:
Cheibriados
Dithmenos
Elyvilon
Fedhas
Hepliaklqana
Kikubaaqudgha
Makhleb
Nemelex Xobeh
Okawaru
Qazlal
Ru
Sif Muna
Trog
Uskayaw
Vehumet
Wu Jian
Xom
Zin
The Shining One

Shops:
D:1 [   D:2 (=:(   D:3 =


Innate Abilities, Weirdness & Mutations

You have a pair of horns on your head.
You reflexively headbutt those who attack you in melee.


Message History

The ice beast is lightly wounded.
The ice beast misses you. You furiously retaliate!
You headbutt the ice beast. You hit the ice beast.
The ice beast is moderately wounded.
You block the ice beast's attack.
You barely miss the ice beast.
The ice beast is moderately wounded.
You block the ice beast's attack.
You whack the ice beast! You headbutt the ice beast.
The ice beast is almost dead.
The ice beast closely misses you. You furiously retaliate!
You headbutt the ice beast.
You kill the ice beast!
Trog accepts your kill.
Your Slings skill increases to level 3!
You barely miss the two-headed ogre. You block the two-headed ogre's attack.
The two-headed ogre hits you with a +0 giant spiked club!
You closely miss the two-headed ogre.
The two-headed ogre hits you with a +0 dire flail.
The two-headed ogre closely misses you.
You whack the two-headed ogre! You freeze the two-headed ogre.
The two-headed ogre is lightly wounded.
You hit the two-headed ogre. You freeze the two-headed ogre.
Your headbutt misses the two-headed ogre.
The two-headed ogre is moderately wounded.
You block the two-headed ogre's attack.
The two-headed ogre hits you with a +0 giant spiked club!
You hit the two-headed ogre. You freeze the two-headed ogre.
Your headbutt misses the two-headed ogre.
The two-headed ogre is heavily wounded.
The two-headed ogre hits you with a +0 dire flail!
You block the two-headed ogre's attack.
You barely miss the two-headed ogre. You headbutt the two-headed ogre.
The two-headed ogre is heavily wounded.
You hit the two-headed ogre. You freeze the two-headed ogre.
Your headbutt misses the two-headed ogre.
The two-headed ogre is severely wounded.
The two-headed ogre hits you with a +0 dire flail!
The two-headed ogre hits you with a +0 giant spiked club!!
You die...

##.# ...# #..#
...... #..#
....[. #..#
........###..#
.(.>.......#
.Y.. #@# ##.##
#O# .##
#(..#####.#
..#
#(........#
##.##
#...#######
...# #...#
###..# ##.##
.....## #.#
......# #.#


You could see a two-headed ogre.

Vanquished Creatures
  Pikel (D:5)
  A water moccasin (D:5)
  An ogre (D:5)
  An ice beast (D:6)
  A centaur zombie (D:6)
  2 gnoll shamans
  A hound (D:4)
  2 orc priests (D:4)
  2 iguanas
  3 orc wizards
  2 hound skeletons (D:5)
  A howler monkey zombie (D:5)
  13 gnolls
  5 adders
  3 adder skeletons
  6 dart slugs
  16 orcs
  6 ball pythons
  3 bats
  7 endoplasms
  3 giant cockroaches
  6 goblins
  3 hobgoblins
  12 jackals
  6 quokkas
  A frilled lizard (D:2)
  6 kobolds
  2 rats
116 creatures vanquished.

Notes
Turn   | Place    | Note
-------+----------+-------------------------------------------
     0 | D:1      | bilbop the Minotaur Fighter began the quest for the Orb.
     0 | D:1      | Reached XP level 1. HP: 19/19 MP: 0/0
    68 | D:1      | Found Luopuf's Armour Shop.
   265 | D:1      | Reached XP level 2. HP: 27/27 MP: 1/1
   372 | D:1      | Reached skill level 3 in Maces & Flails
   675 | D:1      | Found a faded altar of an unknown god.
   701 | D:1      | Reached XP level 3. HP: 32/33 MP: 2/2
   968 | D:2      | Found Raecaler's Jewellery Shop.
  1151 | D:2      | Found Zol Byar's Weapon Shop.
  1270 | D:2      | Found Washezof's Book Shoppe.
  1405 | D:2      | Found Gacvonysk's Antique Weapon Boutique.
  1413 | D:2      | Bought a hunting sling for 34 gold pieces
  1506 | D:2      | Reached XP level 4. HP: 40/40 MP: 3/3
  1636 | D:3      | Reached skill level 4 in Maces & Flails
  1828 | D:3      | Found a shimmering blue altar of Sif Muna.
  1962 | D:3      | Found a shimmering altar of Xom.
  2082 | D:3      | Found Yxisuew's Jewellery Emporium.
  2511 | D:4      | Reached XP level 5. HP: 41/47 MP: 4/4
  2543 | D:4      | Reached skill level 5 in Maces & Flails
  2661 | D:4      | Found an ancient bone altar of Kikubaaqudgha.
  2695 | D:4      | Reached XP level 6. HP: 3/55 MP: 5/5
  3127 | D:4      | Found a stormy altar of Qazlal.
  3301 | D:4      | Reached skill level 5 in Fighting
  3301 | D:4      | Reached skill level 5 in Shields
  3434 | D:4      | Identified the +4 scale mail of the Garden {Harm rElec rN+
                  | Will-}
  3576 | D:5      | Entered Level 5 of the Dungeon
  3601 | D:5      | Noticed a water moccasin
  3614 | D:5      | Killed a water moccasin
  3615 | D:5      | Reached skill level 5 in Armour
  3826 | D:5      | Reached skill level 1 in Slings
  3964 | D:5      | Reached skill level 6 in Maces & Flails
  3964 | D:5      | Reached XP level 7. HP: 61/61 MP: 6/6
  3974 | D:5      | Found a staircase to the Ecumenical Temple.
  3986 | Temple   | Entered the Ecumenical Temple
  4090 | Temple   | Became a worshipper of Trog the Wrathful
  4146 | D:5      | Noticed Pikel
  4170 | D:5      | Killed Pikel
  4171 | D:5      | Reached skill level 7 in Maces & Flails
  4171 | D:5      | Reached skill level 1 in Invocations
  4171 | D:5      | Reached XP level 8. HP: 15/70 MP: 6/8
  5007 | D:6      | Noticed a two-headed ogre
  5030 | D:6      | Slain by a two-headed ogre

Illustrated notes

Levels and vault maps discovered:
D:1:      lightli_arrival_statue_moat, layout_loops_ring,
          basic_ecumenical_altar, serial_shops, nicolae_shop_behind_doors,
          minivault_19
D:2:      layout_rooms, serial_shops, shop, shop, shop, shop
D:3:      layout_loops_ring, nicolae_overflow_crystal_walls,
          overflow_temple_1_default, serial_shops, shop
D:4:      layout_basic, lemuel_doored_altar, overflow_temple_1_default,
          saegor_snake_ambush
D:5:      layout_basic, minmay_temple_entry_mini_moons, uniq_pikel
D:6:      layout_basic, enter_ossuary_5, hangedman_decor_growths,
          roderic_serpentine_path, minivault_5
Temple:   regret_index_temple_waves

Skill      XL: |  1  2  3  4  5  6  7  8 |
---------------+-------------------------+-----
Maces & Flails | 3 4 5 6 7 |  7.6
Fighting       | 4 5 6 |  6.2
Shields        | 4 5 6 |  6.3
Armour         | 4 5 6 |  6.2
Slings         | 1 2 3 |  3.0
Invocations    | 1 2 |  2.2

Action                   |  1- 3 |  4- 6 |  7- 9 || total
-------------------------+-------+-------+-------++-------
Melee: Flail             |    89 |   135 |       ||   224
       Headbutt          |    14 |    19 |    25 ||    58
       Mace              |       |    12 |    22 ||    34
       Whip              |       |       |   105 ||   105
 Fire: Hunting sling     |       |    13 |     2 ||    15
  Use: Scroll            |       |     1 |     4 ||     5
Armor: Scale mail        |    42 |    48 |    36 ||   126
Dodge: Dodged            |    23 |    58 |    36 ||   117
Block: Kite shield       |    35 |    92 |    79 ||   206

Table legend: (Time is in decaauts)
 A = Elapsed time spent in this place.
 B = Non-inter-level travel time spent in this place.
 C = Inter-level travel time spent in this place.
 D = Time resting spent in this place.
 E = Time spent auto-exploring this place.
 F = Levels seen in this place.
 G = Mean time per level.
                   A        B        C        D        E       F      G
               +--------+--------+--------+--------+--------+-----+--------+
         Total |   5139 |   4986 |    153 |    879 |   3291 |   7 |  734.1 |
       Dungeon |   5018 |   4892 |    126 |    879 |   3200 |   6 |  836.3 |
        Temple |    121 |     94 |     27 |      0 |     91 |   1 |  121.0 |
               +--------+--------+--------+--------+--------+-----+--------+

Top non-repeatable levels by time:
     D:5: 1247 daAuts
     D:4: 1231 daAuts
     D:1: 940 daAuts
     D:3: 821 daAuts
     D:2: 686 daAuts
  Temple: 121 daAuts
     D:6: 91 daAuts
